TOP OF THE 1ST |
Chicago Tula batting - Pitching for South Beach Blaze : RHP Shalom Levasier
|
Pitching: RHP Shalom Levasier
|
|
Batting: RHB Rubén Arce
|
0-0: Foul Ball, location: 2F 0-1: Foul Ball, location: 2F 0-2: Strikes out swinging
|
Batting: RHB Phil Oostermeer
|
0-0: Called Strike 0-1: Swinging Strike 0-2: Ball 1-2: Ball 2-2: Strikes out swinging
|
Batting: RHB Santiago Valentín
|
0-0: Ball 1-0: Foul Ball, location: 2F 1-1: Fly out, F8 (Line Drive, 89M)
|
Top of the 1st over - 0 runs, 0 hits, 0 errors, 0 left on base; Chicago 0 - South Beach 0 |
BOTTOM OF THE 1ST |
South Beach Blaze batting - Pitching for Chicago Tula : RHP Darweshi Hadiya
|
Pitching: RHP Darweshi Hadiya
|
|
Batting: RHB Yu-shu Kang
|
0-0: Called Strike 0-1: Fly out, F8 (Flyball, 8LD)
|
Batting: RHB Bart Goodine
|
0-0: Ball 1-0: Fly out, F1 (Line Drive, 13)
|
Batting: LHB Marcel Escoda
|
0-0: Ground out 4-3 (Groundball, 4M)
|
Bottom of the 1st over - 0 runs, 0 hits, 0 errors, 0 left on base; Chicago 0 - South Beach 0 |
TOP OF THE 2ND |
Chicago Tula batting - Pitching for South Beach Blaze : RHP Shalom Levasier
|
Batting: LHB Raphaël Duval
|
0-0: Ground out 4-3 (Groundball, 4)
|
Batting: RHB Norm Chodorow
|
0-0: Ball 1-0: Ball 2-0: Ball 3-0: Base on Balls
|
Batting: SHB Augusto Trejo
|
0-0: Foul Ball, location: 2F 0-1: Ball 1-1: Called Strike 1-2: Strikes out looking
|
Batting: RHB Manuel Ángel
|
0-0: Ball 1-0: Called Strike 1-1: Ball 2-1: Ball 3-1: Fly out, F9 (Flyball, 9LMF)
|
Top of the 2nd over - 0 runs, 0 hits, 0 errors, 1 left on base; Chicago 0 - South Beach 0 |
BOTTOM OF THE 2ND |
South Beach Blaze batting - Pitching for Chicago Tula : RHP Darweshi Hadiya
|
Batting: LHB Sepulveda Zambrano
|
0-0: Fly out, F8 (Flyball, 8RM)
|
Batting: LHB Raymond Graham
|
0-0: Foul Ball, location: 2F 0-1: Ball 1-1: Ball 2-1: Ball 3-1: Swinging Strike 3-2: SINGLE (Groundball, 3S) (infield hit)
|
Batting: LHB Ed Gordon
|
0-0: Ball 1-0: Ball 2-0: Called Strike 2-1: Called Strike 2-2: Ball 3-2: Base on Balls Raymond Graham to second
|
Batting: RHB Daniel Bertrand
|
0-0: Called Strike 0-1: Foul Ball, location: 2F 0-2: Fly out, F8 (Flyball, 8RM)
|
Batting: RHB Greg Schiff
|
0-0: Foul Ball, location: 2F 0-1: Ball 1-1: Called Strike 1-2: Ball 2-2: Foul Ball, location: 2F 2-2: Ball 3-2: Foul Ball, location: 2F 3-2: Strikes out looking
|
Bottom of the 2nd over - 0 runs, 1 hit, 0 errors, 2 left on base; Chicago 0 - South Beach 0 |
TOP OF THE 3RD |
Chicago Tula batting - Pitching for South Beach Blaze : RHP Shalom Levasier
|
Batting: RHB Frank de Blooys
|
0-0: Ball 1-0: Foul Ball, location: 2F 1-1: Ball 2-1: Swinging Strike 2-2: Ball 3-2: Foul Ball, location: 2F 3-2: Strikes out looking
|
Batting: RHB Jim MacRach
|
0-0: Foul Ball, location: 2F 0-1: Ball 1-1: Ball 2-1: Called Strike 2-2: Strikes out swinging
|
Batting: RHB Rubén Arce
|
0-0: Ball 1-0: SINGLE (Groundball, 6MS) (infield hit)
|
Batting: RHB Phil Oostermeer
|
0-0: Ball 1-0: Ball Rubén Arce steals 2nd base 2-0: Called Strike 2-1: TRIPLE (Line Drive, 9LD) Rubén Arce scores
|
Batting: RHB Santiago Valentín
|
0-0: Ball 1-0: Called Strike 1-1: SINGLE (Groundball, 3D) Phil Oostermeer scores
|
Batting: LHB Raphaël Duval
|
0-0: Ground out 4-3 (Groundball, 34)
|
Top of the 3rd over - 2 runs, 3 hits, 0 errors, 1 left on base; Chicago 2 - South Beach 0 |
BOTTOM OF THE 3RD |
South Beach Blaze batting - Pitching for Chicago Tula : RHP Darweshi Hadiya
|
Batting: RHB Ed Bowers
|
0-0: Ball 1-0: Swinging Strike 1-1: Called Strike 1-2: Ball 2-2: Strikes out swinging
|
Batting: RHB Yu-shu Kang
|
0-0: Ball 1-0: Called Strike 1-1: Fly out, F7 (Line Drive, 78D)
|
Batting: RHB Bart Goodine
|
0-0: Ball 1-0: Ball 2-0: Ball 3-0: Called Strike 3-1: Called Strike 3-2: Foul Ball, location: 2F 3-2: Foul Ball, location: 2F 3-2: Base on Balls
|
Batting: LHB Marcel Escoda
|
0-0: Fly out, F6 (Popup, P)
|
Bottom of the 3rd over - 0 runs, 0 hits, 0 errors, 1 left on base; Chicago 2 - South Beach 0 |
TOP OF THE 4TH |
Chicago Tula batting - Pitching for South Beach Blaze : RHP Shalom Levasier
|
Batting: RHB Norm Chodorow
|
0-0: Fly out, F9 (Flyball, 9)
|
Batting: SHB Augusto Trejo
|
0-0: Ball 1-0: Called Strike 1-1: Swinging Strike 1-2: Foul Ball, location: 2F 1-2: Ground out 4-3 (Groundball, 4MD)
|
Batting: RHB Manuel Ángel
|
0-0: Called Strike 0-1: Ball 1-1: Ball 2-1: DOUBLE (Line Drive, 89D)
|
Batting: RHB Frank de Blooys
|
0-0: Ball 1-0: Called Strike 1-1: Fly out, F2 (Popup, 2LF)
|
Top of the 4th over - 0 runs, 1 hit, 0 errors, 1 left on base; Chicago 2 - South Beach 0 |
BOTTOM OF THE 4TH |
South Beach Blaze batting - Pitching for Chicago Tula : RHP Darweshi Hadiya
|
Batting: LHB Sepulveda Zambrano
|
0-0: Ball 1-0: Ball 2-0: Swinging Strike 2-1: Fly out, F9 (Flyball, 9LS)
|
Batting: LHB Raymond Graham
|
0-0: Ball 1-0: SINGLE (Groundball, 23) (infield hit)
|
Batting: LHB Ed Gordon
|
0-0: Swinging Strike 0-1: Foul Ball, location: 2F 0-2: Strikes out swinging
|
Batting: RHB Daniel Bertrand
|
0-0: Fly out, F7 (Flyball, 7LM)
|
Bottom of the 4th over - 0 runs, 1 hit, 0 errors, 1 left on base; Chicago 2 - South Beach 0 |
TOP OF THE 5TH |
Chicago Tula batting - Pitching for South Beach Blaze : RHP Shalom Levasier
|
Batting: RHB Jim MacRach
|
0-0: Foul Ball, location: 2F 0-1: Foul Ball, location: 2F 0-2: Foul Ball, location: 2F 0-2: Foul Ball, location: 2F 0-2: Ground out 4-3 (Groundball, 4)
|
Batting: RHB Rubén Arce
|
0-0: Called Strike 0-1: Ground out 1-3 (Groundball, 13S)
|
Batting: RHB Phil Oostermeer
|
0-0: Called Strike 0-1: Ball 1-1: Ball 2-1: Called Strike 2-2: Ball 3-2: Foul Ball, location: 2F 3-2: Strikes out swinging
|
Top of the 5th over - 0 runs, 0 hits, 0 errors, 0 left on base; Chicago 2 - South Beach 0 |
BOTTOM OF THE 5TH |
South Beach Blaze batting - Pitching for Chicago Tula : RHP Darweshi Hadiya
|
Batting: RHB Greg Schiff
|
0-0: Ball 1-0: Ball 2-0: Fly out, F8 (Flyball, 8LD)
|
Batting: RHB Ed Bowers
|
0-0: Ball 1-0: Ball 2-0: Ball 3-0: Called Strike 3-1: Ground out 1-3 (Groundball, 13)
|
Batting: RHB Yu-shu Kang
|
0-0: Called Strike 0-1: Ball Error on foul ball, E3 1-2: SINGLE (Groundball, 56S) (infield hit)
|
Batting: RHB Bart Goodine
|
0-0: Fly out, F7 (Line Drive, 7LD)
|
Bottom of the 5th over - 0 runs, 1 hit, 1 error, 1 left on base; Chicago 2 - South Beach 0 |
TOP OF THE 6TH |
Chicago Tula batting - Pitching for South Beach Blaze : RHP Shalom Levasier
|
Batting: RHB Santiago Valentín
|
0-0: Called Strike 0-1: Fly out, F4 (Line Drive, 34)
|
Batting: LHB Raphaël Duval
|
0-0: Ball 1-0: Ball 2-0: Ball 3-0: Foul Ball, location: 2F 3-1: Base on Balls
|
Batting: RHB Norm Chodorow
|
0-0: Swinging Strike 0-1: Ball 1-1: Ground out 6-3 (Groundball, 6S) Raphaël Duval to second
|
Batting: SHB Augusto Trejo
|
0-0: DOUBLE (Line Drive, 9LM) Raphaël Duval scores
|
Batting: RHB Manuel Ángel
|
0-0: Ball 1-0: Called Strike 1-1: Foul Ball, location: 2F 1-2: Strikes out swinging
|
Top of the 6th over - 1 run, 1 hit, 0 errors, 1 left on base; Chicago 3 - South Beach 0 |
BOTTOM OF THE 6TH |
South Beach Blaze batting - Pitching for Chicago Tula : RHP Darweshi Hadiya
|
Batting: LHB Marcel Escoda
|
0-0: Ball 1-0: Ball 2-0: Ball 3-0: Called Strike 3-1: SINGLE (Flyball, 89M)
|
Batting: LHB Sepulveda Zambrano
|
0-0: Ball 1-0: Grounds into double play, 4-6-3 (Groundball, 4)
|
Batting: LHB Raymond Graham
|
0-0: Foul Ball, location: 2F 0-1: Ground out 4-3 (Groundball, 4D)
|
Bottom of the 6th over - 0 runs, 1 hit, 0 errors, 0 left on base; Chicago 3 - South Beach 0 |
TOP OF THE 7TH |
Chicago Tula batting - Pitching for South Beach Blaze : RHP Shalom Levasier
|
Batting: RHB Frank de Blooys
|
0-0: Ball 1-0: Fly out, F8 (Flyball, 89M)
|
Batting: RHB Jim MacRach
|
0-0: Ground out 5-3 (Groundball, 56)
|
Batting: RHB Rubén Arce
|
0-0: Called Strike 0-1: Ball 1-1: Called Strike 1-2: Foul Ball, location: 2F 1-2: Ground out 6-3 (Groundball, 6)
|
Top of the 7th over - 0 runs, 0 hits, 0 errors, 0 left on base; Chicago 3 - South Beach 0 |
BOTTOM OF THE 7TH |
South Beach Blaze batting - Pitching for Chicago Tula : RHP Darweshi Hadiya
|
Now at C: Guo-fang Ni
|
|
Batting: LHB Ed Gordon
|
0-0: Called Strike 0-1: Foul Ball, location: 2F 0-2: SINGLE (Groundball, 3S) (infield hit)
|
Batting: RHB Daniel Bertrand
|
0-0: Fly out, F9 (Flyball, 9D) Runner from 1st tags up, SAFE at 2nd
|
Batting: RHB Greg Schiff
|
0-0: Ball 1-0: Called Strike 1-1: Ball 2-1: Swinging Strike 2-2: DOUBLE (Line Drive, 89D) Ed Gordon scores
|
Batting: RHB Ed Bowers
|
0-0: Called Strike 0-1: Ball 1-1: Ground out 4-3 (Groundball, 4) Greg Schiff to third
|
Batting: RHB Yu-shu Kang
|
0-0: Ball 1-0: Ball 2-0: Ball 3-0: Base on Balls
|
Pinch Hitting: RHB Harlan Peppers
|
0-0: Foul Ball, location: 2F 0-1: Fly out, F2 (Popup, 5SF)
|
Bottom of the 7th over - 1 run, 2 hits, 0 errors, 2 left on base; Chicago 3 - South Beach 1 |
TOP OF THE 8TH |
Chicago Tula batting - Pitching for South Beach Blaze : RHP Shalom Levasier
|
Now at 3B: Harlan Peppers
|
|
Batting: RHB Phil Oostermeer
|
0-0: Called Strike 0-1: Fly out, F9 (Flyball, 9LS)
|
Batting: RHB Santiago Valentín
|
0-0: Ball 1-0: Foul Ball, location: 2F 1-1: Foul Ball, location: 2F 1-2: Ball 2-2: SINGLE (Groundball, 6MD)
|
Batting: LHB Raphaël Duval
|
0-0: Ball 1-0: Swinging Strike 1-1: Ball 2-1: Foul Ball, location: 2F 2-2: Strikes out looking
|
Pitching: LHP Leo Ingelbrigtsen
|
|
Batting: RHB Norm Chodorow
|
0-0: Fielders Choice at 2nd, 5-4 (Groundball, 5)
|
Top of the 8th over - 0 runs, 1 hit, 0 errors, 1 left on base; Chicago 3 - South Beach 1 |
BOTTOM OF THE 8TH |
South Beach Blaze batting - Pitching for Chicago Tula : RHP Darweshi Hadiya
|
Now at SS: Otton Dis
|
|
Batting: LHB Marcel Escoda
|
0-0: Called Strike 0-1: Ball 1-1: Called Strike 1-2: Ball 2-2: SINGLE (Line Drive, 34D)
|
Pitching: LHP Raúl Romero
|
|
Batting: LHB Sepulveda Zambrano
|
0-0: Ball 1-0: Fly out, F8 (Flyball, 8LM)
|
Batting: LHB Raymond Graham
|
0-0: Called Strike 0-1: Ball 1-1: Called Strike 1-2: Grounds into double play, 6-4-3 (Groundball, 6)
|
Bottom of the 8th over - 0 runs, 1 hit, 0 errors, 0 left on base; Chicago 3 - South Beach 1 |
TOP OF THE 9TH |
Chicago Tula batting - Pitching for South Beach Blaze : LHP Leo Ingelbrigtsen
|
Batting: SHB Augusto Trejo
|
0-0: Called Strike 0-1: Ball 1-1: Ground out 5-3 (Groundball, 56)
|
Batting: RHB Manuel Ángel
|
0-0: Ball 1-0: Ball 2-0: Ball 3-0: Called Strike 3-1: Base on Balls
|
Batting: RHB Guo-fang Ni
|
0-0: Fly out, F7 (Flyball, 78D)
|
Batting: RHB Jim MacRach
|
0-0: Ball 1-0: Foul Ball, location: 2F 1-1: Swinging Strike 1-2: Strikes out swinging
|
Top of the 9th over - 0 runs, 0 hits, 0 errors, 1 left on base; Chicago 3 - South Beach 1 |
BOTTOM OF THE 9TH |
South Beach Blaze batting - Pitching for Chicago Tula : LHP Raúl Romero
|
Pitching: LHP Cedric Zuercher
|
|
Batting: LHB Ed Gordon
|
0-0: SINGLE (Groundball, 34D)
|
Batting: RHB Daniel Bertrand
|
0-0: Called Strike 0-1: Ball 1-1: SINGLE (Groundball, 34S) (infield hit) Ed Gordon to second
|
Batting: RHB Greg Schiff
|
0-0: Ball 1-0: Bunted foul 1-1: Bunted foul 1-2: Foul Ball, location: 2F 1-2: Fly out, F5 (Popup, 5S)
|
Batting: RHB Ed Bowers
|
0-0: Called Strike 0-1: Ball 1-1: Grounds into double play, 6-4-3 (Groundball, 6)
|
Bottom of the 9th over - 0 runs, 2 hits, 0 errors, 1 left on base; Chicago 3 - South Beach 1 |
|